 Dungeon Sprint DCSS version 0.28.0-43-g3370ac3207 (webtiles) character file.

Game seed: 7029738713291099712

4546 rocky1 the Geomancer (level 9, -12/63 HPs)
             Began as a Demigod Earth Elementalist on Mar 6, 2022.
             Shot with an arrow by a centaur warrior (26 damage)
             ... in the Dungeon (Sprint III: "The Ten Rune Challenge").
             The game lasted 00:12:11 (2834 turns).

rocky1 the Geomancer (Demigod Earth Elementalist)   Turns: 2834, Time: 00:12:12

Health: -12/63     AC:  2    Str:  9    XL:     9   Next: 97%
Magic:  23/29      EV: 12    Int: 29    God:
Gold:   1953       SH:  0    Dex: 14    Spells: 23/31 levels left

rFire   . . .      SeeInvis .   t - +2 scimitar (flame)
rCold   . . .      Faith    .   (no shield)
rNeg    + . .      Spirit   .   u - +0 robe {rN+}
rPois   .          Reflect  .   (no helmet)
rElec   .          Harm     .   (no cloak)
rCorr   .          Rampage  .   (no gloves)
Will    .....      NoTele   +   (no boots)
Stlth   ++........              (no amulet)
HPRegen 0.20/turn               (no ring)
MPRegen 0.21/turn               (no ring)

@: no status effects
A: high MP 1, forlorn, divine attributes
a: no special abilities


You were in the Dungeon.
You visited 1 branch You collected 1953 gold pieces.

Inventory:

Hand Weapons
 a - a +0 whip
 j - a +0 dagger of speed
 p - a +1 long sword of holy wrath
 t - a +2 scimitar of flaming (weapon)
Armour
 b - a +0 robe
 u - a +0 robe of positive energy (worn)
Wands
 r - a wand of flame (25)
Scrolls
 h - a scroll of blinking
 l - 2 scrolls of holy word {unknown}
 m - 2 scrolls of identify {unknown}
Potions
 c - a potion of curing
 e - a potion of haste
 f - a potion of magic
 g - a potion of berserk rage
 k - 4 potions of mutation {unknown}
 n - a potion of lignification {unknown}
 o - a potion of flight {unknown}
 q - a potion of might
Miscellaneous
 s - a box of beasts


   Skills:
 + Level 0.7 Fighting
 - Level 1.7 Dodging
 - Level 1.7 Stealth
 + Level 11.9 Spellcasting
 + Level 12.7 Conjurations
 - Level 0.8 Transmutations
 - Level 13.5 Earth Magic


You had 23 spell levels left.
You knew the following spells:

 Your Spells              Type           Power      Damage    Failure   Level
a - Sandblast             Erth           100%       2d20      0%          1
b - Stone Arrow           Conj/Erth      100%       3d13      1%          3
c - Fulminant Prism       Conj/Hex       26%        3d14      2%          4

Your spell library contained the following spells:

 Spells                   Type           Power      Damage    Failure   Level
 Magic Dart               Conj           100%       1d8       0%          1
 Passwall                 Tmut/Erth      46%        N/A       1%          2
 Searing Ray              Conj           100%       2d8       1%          2
 Petrify                  Tmut/Erth      56%        N/A       1%          4


Dungeon Overview and Level Annotations

Branches:
Dungeon (1/1)

Shops:
D (


Innate Abilities, Weirdness & Mutations

You have an increased reservoir of magic. (+10% MP)
You shall have no god before yourself.
Your divine heritage dramatically boosts your attributes as you level up.


Message History

Unknown command.
Aiming: Stone Arrow (safe; 1% risk of failure)
Press: ? - help, Q - select action, (/) - cycle Shift-Dir - straight line, f/p - earth elemental
Aim: an earth elemental (severely damaged, 95% to hit)
The stone arrow hits the earth elemental!
The earth elemental is almost destroyed.
The earth elemental closely misses you.
Aiming: Stone Arrow (safe; 1% risk of failure)
Press: ? - help, Q - select action, (/) - cycle Shift-Dir - straight line, f/p - earth elemental
Aim: an earth elemental (almost destroyed, 95% to hit)
The stone arrow hits the earth elemental!
You destroy the earth elemental!
Unknown command.
You start resting.
Magic restored.
Welcome back, rocky1 the Demigod Earth Elementalist.
Press ? for a list of commands and other information.
You open the door.
A centaur warrior and 2 centaurs come into view.
The centaur warrior shouts!
The centaur shouts! x2
The centaur wields a +0 shortbow.
The centaur shoots an arrow.
The arrow hits you!
The centaur wields a +0 shortbow.
The centaur shoots an arrow.
The arrow misses you.
There is an open door here.
Unknown command.
The centaur warrior wields a +0 shortbow.
The centaur warrior shoots an arrow.
The arrow hits you!
Aiming: Stone Arrow (safe; 1% risk of failure)
Press: ? - help, Q - select action, (/) - cycle Shift-Dir - straight line, f - centaur warrior
Aim: a centaur warrior, wielding a +0 shortbow and quivering arrows (84% to hit)
The stone arrow hits the centaur warrior!!
The centaur warrior is heavily wounded.
The centaur warrior shoots an arrow.
The arrow hits you!!
* * * LOW HITPOINT WARNING * * *
Aiming: Stone Arrow (safe; 1% risk of failure)
Press: ? - help, Q - select action, (/) - cycle Shift-Dir - straight line, f/p - centaur warrior
Aim: a centaur warrior, wielding a +0 shortbow and quivering arrows (heavily wounded, 84% to hit)
The stone arrow misses the centaur warrior.
The centaur warrior shoots an arrow.
The arrow hits you!!
You die...

#__.#._#..........#.#ee.#
#)###)##..).....### #e..≈
.......#))......# e..#
....)..#.)_#∩#.#.# ..#
######'#)##.####.# ##
#__#...#)#############
#__#..)#..§§§'.#.c...+
#__#..)#.#§≈§#.#.#...#
#__#...).#..§#.#@#cc.#
#__'...#.#...#...#c..#
▓▓▓▓▓▓▓▓▓▓▓▓▓▓▓▓▓▓▓▓▓#


You could see a centaur warrior.

Vanquished Creatures
  Erica (D)
  3 orc high priests (D)
  A deep elf pyromancer (D)
  An orc knight (D)
  A shadow (D)
  A spatial vortex (D)
  3 orc warriors (D)
  A necrophage (D)
  An earth elemental (D)
  A water elemental (D)
  A scorpion (D)
  A jelly (D)
  An orc priest (D)
  Jessica (D)
  A necromancer (D)
  A wizard (D)
  3 orc wizards (D)
  3 humans (D)
  A kobold demonologist (D)
  6 orcs (D)
  2 endoplasms (D)
  A rat (D)
36 creatures vanquished.

Vanquished Creatures (collateral kills)
  An orc warrior (D)
1 creature vanquished.

Vanquished Creatures (others)
  3 fulminant prisms (D)
3 creatures vanquished.

Grand Total: 40 creatures vanquished

Notes
Turn   | Place    | Note
-------+----------+-------------------------------------------
     0 | D        | rocky1 the Demigod Earth Elementalist began the quest for
                  | the Orb.
     0 | D        | Reached XP level 1. HP: 14/14 MP: 5/5
    17 | D        | Reached skill level 3 in Earth Magic
   254 | D        | Noticed Jessica
   307 | D        | Killed Jessica
   308 | D        | Reached skill level 6 in Earth Magic
   308 | D        | Reached XP level 2. HP: 11/20 MP: 2/7
   470 | D        | Reached XP level 3. HP: 22/26 MP: 3/8
   520 | D        | Learned a level 3 spell: Stone Arrow
   622 | D        | Noticed a scorpion
   629 | D        | Killed a scorpion
   630 | D        | Reached skill level 8 in Earth Magic
   630 | D        | Reached XP level 4. HP: 33/33 MP: 5/9
   797 | D        | Noticed a water elemental
   802 | D        | Killed a water elemental
   803 | D        | Reached skill level 10 in Earth Magic
   846 | D        | Reached skill level 1 in Conjurations
   846 | D        | Reached XP level 5. HP: 38/38 MP: 8/11
   890 | D        | Noticed a deep elf pyromancer
   895 | D        | Killed a deep elf pyromancer
   896 | D        | Reached skill level 5 in Spellcasting
   896 | D        | Reached skill level 11 in Earth Magic
   896 | D        | Reached XP level 6. HP: 8/45 MP: 7/18
   896 | D        | Reached XP level 7. HP: 9/50 MP: 7/19
  1165 | D        | Noticed a human
  1166 | D        | Noticed a human
  1167 | D        | Killed a human
  1168 | D        | Reached skill level 12 in Earth Magic
  1174 | D        | Killed a human
  1606 | D        | Noticed a shadow
  1607 | D        | Killed a shadow
  1609 | D        | Reached XP level 8. HP: 57/57 MP: 16/23
  1660 | D        | Learned a level 4 spell: Fulminant Prism
  1751 | D        | Noticed Erica
  1755 | D        | Killed Erica
  1756 | D        | Reached skill level 13 in Earth Magic
  1825 | D        | Noticed an orc high priest
  1828 | D        | Noticed an orange demon
  1879 | D        | Killed an orc high priest
  1880 | D        | Reached skill level 10 in Spellcasting
  1880 | D        | Reached skill level 10 in Conjurations
  1880 | D        | Reached XP level 9. HP: 23/62 MP: 0/27
  2012 | D        | Noticed an orc high priest
  2018 | D        | Killed an orc high priest
  2378 | D        | Noticed an orc knight
  2381 | D        | Noticed an orc high priest
  2386 | D        | Noticed an orange demon
  2390 | D        | Killed an orc knight
  2392 | D        | Noticed a rust devil
  2399 | D        | Noticed a sun demon
  2400 | D        | Killed an orc high priest
  2710 | D        | Found Imebb's Antique Weapon Shoppe.
  2741 | D        | Noticed a deep elf knight
  2741 | D        | Noticed a deep elf pyromancer
  2741 | D        | Noticed a deep elf knight
  2741 | D        | Noticed a deep elf zephyrmancer
  2741 | D        | Noticed a deep elf zephyrmancer
  2830 | D        | Noticed a centaur warrior
  2834 | D        | Shot with an arrow by a centaur warrior

Illustrated notes

Levels and vault maps discovered:
D:        dungeon_sprint_mu [sprint_mu_entry_forest, sprint_mu_temple_rooms,
          sprint_mu_d1_horrors, sprint_mu_d2_genie, sprint_mu_d3_branching,
          sprint_mu_orc_legion, sprint_mu_elf_gauntlet, sprint_mu_hive_nellie,
          sprint_mu_lair_fedhas, sprint_mu_vaults_butterflies,
          sprint_mu_slime_circle, sprint_mu_swamp_cave, sprint_mu_shoals_archi,
          sprint_mu_blade_basic, sprint_mu_crypt_fortress,
          sprint_mu_tomb_spiral, sprint_mu_vestibule_basic,
          sprint_mu_gehenna_hellfire, sprint_mu_dis_giant,
          sprint_mu_tartarus_statrot, sprint_mu_cocytus_islands, sprint_mu_zot1]

Skill      XL: |  1  2  3  4  5  6  7  8  9 |
---------------+----------------------------+-----
Earth Magic    | 6 8 10 11 12 13 | 13.5
Spellcasting   | 2 5 7 10 11 | 11.9
Conjurations   | 1 6 7 10 12 | 12.7
Fighting       | |  0.7
Dodging        | |  1.7
Stealth        | |  1.7
Transmutations | |  0.8

Action                   |  1- 3 |  4- 6 |  7- 9 || total
-------------------------+-------+-------+-------++-------
Melee: Unarmed           |     9 |       |       ||     9
       Whip              |     1 |       |       ||     1
       Scimitar          |       |       |    13 ||    13
 Cast: Sandblast         |    11 |    11 |     8 ||    30
       Stone Arrow       |       |       |    51 ||    51
       Fulminant Prism   |       |       |     3 ||     3
Evoke: Box of beasts     |       |       |     1 ||     1
  Use: Potion            |       |       |     3 ||     3
 Stab: Sleeping          |     1 |       |       ||     1
Armor: Robe              |     1 |       |       ||     1
Dodge: Dodged            |     7 |       |    28 ||    35
